 Dungeon Crawl Stone Soup version 0.28.0-62-gf88900778d (webtiles) character file.

Game seed: 1927131101546147514

8375 jjjjhere the Basher (level 11, -16/96 (97) HPs)
             Began as a Minotaur Necromancer on Aug 1, 2023.
             Was a Priest of Ru.
             Demolished by an ettin
             ... wielding a +0 dire flail
              (36 damage)
             ... on level 11 of the Dungeon.
             The game lasted 00:23:05 (13798 turns).

jjjjhere the Basher (Minotaur Necromancer)         Turns: 13798, Time: 00:23:05

HP:   -16/96 (97)   AC: 25    Str: 17    XL:     11   Next: 9%
MP:   12/12         EV:  7    Int: 12    God:    Ru [***...]
Gold: 239           SH:  9    Dex: 11    Spells: 9/12 levels left

rFire   . . .      SeeInvis .   v - +2 flail (protect)
rCold   + . .      Faith    .   q - +0 buckler
rNeg    . . .      Spirit   .   e - +0 chain mail
rPois   +          Reflect  +   I - +1 hat
rElec   .          Harm     .   k - +1 cloak
rCorr   .          Rampage  .   p - +0 pair of gloves
Will    .....                   a - +1 pair of boots
Stlth   ..........              G - amulet of reflection
HPRegen 0.26/turn               y - ring of poison resistance
MPRegen 0.13/turn               L - ring of protection from cold

@: under a protective aura, lightly drained
A: horns 2, inability to use devices, no air magic, no conjurations magic, no
transmutations magic, retaliatory headbutt
a: Renounce Religion, Draw Out Power


You were on level 11 of the Dungeon.
You worshipped Ru.
Ru was most pleased with you.
You visited 2 branches of the dungeon, and saw 12 of its levels.
You also visited: Sewer.

You collected 673 gold pieces.
You spent 434 gold pieces at shops.

Inventory:

Hand Weapons
 b - a +0 dagger
 i - a +0 hand axe
 m - a +0 flail
 v - a +2 flail of protection (weapon)
 A - the +2 dagger of the Vulture {elec, Str+4}
   (You found it on level 4 of the Dungeon)

   It occasionally discharges a powerful burst of electricity upon striking a
   foe.
   Str:       It affects your strength (+4).
Missiles
 u - 3 javelins (quivered)
 E - 2 boomerangs
Armour
 a - a +1 pair of boots (worn)
 e - a +0 chain mail (worn)
 k - a +1 cloak (worn)
 p - a +0 pair of gloves (worn)
 q - a +0 buckler (worn)
 I - a +1 hat (worn)
Jewellery
 y - a ring of poison resistance (left hand)
 F - an amulet of the acrobat
 G - an amulet of reflection (around neck)
 L - a ring of protection from cold (right hand)
Scrolls
 c - 3 scrolls of immolation
 f - 6 scrolls of teleportation
 g - 2 scrolls of magic mapping
 w - a scroll of summoning
 C - a scroll of enchant armour
 D - 2 scrolls of enchant weapon
 K - a scroll of blinking
 M - a scroll of identify
Potions
 d - 6 potions of curing
 h - 2 potions of might
 j - a potion of brilliance
 l - 3 potions of magic {unknown}
 n - 2 potions of ambrosia
 o - 3 potions of attraction
 r - a potion of haste {unknown}
 s - a potion of cancellation
 t - 2 potions of heal wounds {unknown}
 x - 4 potions of degeneration {unknown}
 z - 3 potions of berserk rage {unknown}
 B - a potion of resistance {unknown}
 H - a potion of mutation {unknown}
 J - a potion of flight


   Skills:
 - Level 9.1 Fighting
 + Level 13.7 Maces & Flails
 + Level 2.7 Throwing
 - Level 9.2 Armour
 - Level 2.1 Dodging
 - Level 1.5 Stealth
 - Level 4.2 Shields
 - Level 1.3 Spellcasting
 - Level 2.9 Necromancy


You had 9 spell levels left.
You knew the following spells:

 Your Spells              Type           Power      Damage    Failure   Level
a - Pain                  Necr           28%        1d5       75%         1
b - Wereblood             Tmut           0%         N/A       99%         2

Your spell library contained the following spells:

 Spells                   Type           Power      Damage    Failure   Level
 Animate Skeleton         Necr           14%        N/A       75%         1
 Apportation              Tloc           0%         N/A       98%         1
 Summon Small Mammal      Summ           0%         N/A       98%         1
 Vampiric Draining        Necr           7%         2d6       98%         3
 Ensorcelled Hibernation  Hex/Ice        0%         N/A       99%         2
 Confusing Touch          Hex            0%         N/A       100%        3
 Anguish                  Hex/Necr       2%         N/A       100%        4
 Animate Dead             Necr           3%         N/A       100%        4
 Agony                    Necr           7%         N/A       100%        5
 Enfeeble                 Hex            0%         N/A       100%        7
 Beastly Appendage        Tmut           Unusable   N/A       N/A         1
 Magic Dart               Conj           Unusable   1d3       N/A         1
 Searing Ray              Conj           Unusable   2d4       N/A         2
 Spider Form              Tmut/Pois      Unusable   N/A       N/A         3
 Fulminant Prism          Conj/Hex       Unusable   3d6       N/A         4
 Summon Lightning Spire   Summ/Air       Unusable   N/A       N/A         4
 Iskenderun's Battlesphe  Conj           Unusable   2d6       N/A         5
 Yara's Violent Unravell  Hex/Tmut       Unusable   3d3       N/A         5
 Iron Shot                Conj/Erth      Unusable   9d1       N/A         6
 Spellforged Servitor     Conj/Summ      Unusable   N/A       N/A         7
 Storm Form               Tmut/Air       Unusable   N/A       N/A         7
 Maxwell's Capacitive Co  Air            Unusable   ∞         N/A         8

Dungeon Overview and Level Annotations

Branches:
Dungeon (11/15)            Temple (1/1) D:6            Lair (0/6) D:11
    Orc (0/2) D:10          Sewer (visited)

Altars:
Ashenzari
Cheibriados
Dithmenos
Elyvilon
Fedhas
Gozag
Hepliaklqana
Kikubaaqudgha
Makhleb
Nemelex Xobeh
Okawaru
Qazlal
Ru
Sif Muna
Trog
Uskayaw
Vehumet
Wu Jian
Xom
Yredelemnul
Zin
The Shining One

Shops:
D:1 *   D:3 [   D:10 *   D:11 *[


Innate Abilities, Weirdness & Mutations

You have a pair of horns on your head.
You cannot study or use magical devices.
You cannot study or cast Air magic.
You cannot study or cast Conjurations magic.
You cannot study or cast Transmutations magic.
You reflexively headbutt those who attack you in melee.


Message History

You hit the cyclops.
The cyclops is heavily wounded.
You sock the cyclops! You headbutt the cyclops.
The cyclops is almost dead.
The cyclops hits you.
You sock the cyclops!
You kill the cyclops!
You see here 4 large rocks.
Found a runed gold wand.
Found a scroll of summoning.
As you open the door, it creaks loudly!
There is an open door here.
Found an amulet of reflection.
Found the Volume of Creative Dark Secrets.
You see here an amulet of reflection.
An ettin comes into view. It is wielding two +0 dire flails.
There is an open door here.
The ettin shouts in stereo!
You see here the Volume of Creative Dark Secrets.
You hit the ettin.
Your weapon exudes an aura of protection.
The ettin is lightly wounded.
You block the ettin's attack. x2
You sock the ettin!
You headbutt the ettin, but do no damage.
The ettin is moderately wounded.
The ettin hits you with a +0 dire flail!
The ettin hits you with a +0 dire flail!!
You hit the ettin but do no damage.
The ettin is moderately wounded.
You thump the ettin!
The ettin is moderately wounded.
The ettin hits you with a +0 dire flail!
The ettin barely misses you.
You hit the ettin but do no damage.
The ettin is moderately wounded.
The ettin hits you with a +0 dire flail!
* * * LOW HITPOINT WARNING * * *
The ettin hits you with a +0 dire flail!!!
You die...

###########..############
.........................
........(................
####...#################
#)..# ########.#####
........##.."##
.?......#.#C#.#
........#.#@#.#
........#.###.#
..../...##...##
.........##'##
..........#.#
............#
#############


You could see an ettin.

Vanquished Creatures
  A centaur warrior (D:11)
  3 two-headed ogres (D:9)
  An ugly thing (D:11)
  A cyclops (D:11)
  A troll (D:8)
  A hornet (D:8)
  2 meliai zombies
  A wyvern (D:9)
  2 steam dragons
  Edmund (D:5)
  2 water moccasins
  A sky beast (D:8)
  An ice beast (D:5)
  4 orc warriors
  A necrophage (D:4)
  6 centaurs
  An ogre (D:5)
  2 kobold brigands
  A phantom (D:5)
  A gnoll sergeant (D:11)
  8 bullfrogs
  A scorpion (D:4)
  A wyvern skeleton (D:6)
  7 killer bees
  3 wights (D:10)
  An electric eel (D:7)
  3 centaur zombies
  2 gnoll shamans
  2 orc priests
  6 hounds
  2 centaur skeletons
  An iguana (D:4)
  8 orc wizards
  A killer bee zombie (D:6)
  A hound skeleton (D:4)
  2 howler monkey zombies
  20 gnolls
  12 adders
  3 river rats (Sewer)
  2 shadow imps
  4 white imps
  An ufetubus (D:5)
  2 worms
  2 dart slugs
  43 orcs
  16 ball pythons
  6 bats
  6 endoplasms
  6 giant cockroaches
  7 goblins
  3 hobgoblins
  5 jackals (D:3)
  3 quokkas
  10 frilled lizards
  18 kobolds
  28 rats
280 creatures vanquished.

Vanquished Creatures (others)
  A gargoyle (D:1)
  An elf (D:1)
  2 trolls (D:1)
  A merfolk (D:1)
  A formicid (D:1)
  A vampire (D:1)
  5 spriggans (D:1)
  A dwarf (D:1)
  An ogre (D:1)
  A tengu (D:1)
  A centaur (D:11)
  9 plants (D:7)
  8 tentacles (D:1)
33 creatures vanquished.

Grand Total: 313 creatures vanquished

Notes
Turn   | Place    | Note
-------+----------+-------------------------------------------
     0 | D:1      | jjjjhere the Minotaur Necromancer began the quest for the
                  | Orb.
     0 | D:1      | Reached XP level 1. HP: 14/14 MP: 1/1
     2 | D:1      | Noticed a vampire
     2 | D:1      | Noticed a gargoyle
     2 | D:1      | Noticed a troll
     2 | D:1      | Noticed a tengu
     2 | D:1      | Noticed a spriggan
     2 | D:1      | Noticed a spriggan
     2 | D:1      | Noticed an elf
     2 | D:1      | Noticed a kraken
     2 | D:1      | Noticed a formicid
     2 | D:1      | Noticed a spriggan
     2 | D:1      | Noticed a merfolk
     2 | D:1      | Noticed a spriggan
     2 | D:1      | Noticed a dwarf
     2 | D:1      | Noticed an ogre
     2 | D:1      | Noticed a spriggan
     2 | D:1      | Noticed a troll
     3 | D:1      | Killed an elf
     4 | D:1      | Killed a spriggan
     5 | D:1      | Killed a vampire
     7 | D:1      | Killed a gargoyle
     7 | D:1      | Killed a tengu
     8 | D:1      | Killed an ogre
     9 | D:1      | Killed a merfolk
     9 | D:1      | Killed a spriggan
    10 | D:1      | Killed a spriggan
    13 | D:1      | Killed a troll
    14 | D:1      | Killed a spriggan
    16 | D:1      | Killed a dwarf
    16 | D:1      | Killed a formicid
    16 | D:1      | Killed a spriggan
    18 | D:1      | Killed a troll
   115 | D:1      | Reached skill level 1 in Fighting
   432 | D:1      | Found Kalib's Assorted Antiques.
   480 | D:1      | Reached XP level 2. HP: 19/24 MP: 3/3
   483 | D:1      | Learned a level 2 spell: Wereblood
  1062 | D:2      | Reached XP level 3. HP: 28/30 MP: 4/4
  1073 | D:2      | Reached skill level 1 in Transmutations
  1609 | D:3      | Reached skill level 1 in Maces & Flails
  1827 | D:3      | Found Izuxaq's Antique Armour Boutique.
  1888 | D:3      | Reached XP level 4. HP: 35/37 MP: 5/5
  2106 | D:3      | Reached skill level 2 in Maces & Flails
  2156 | D:3      | Reached skill level 1 in Shields
  2185 | D:3      | You fall into a shaft and drop 1 floor!
  2249 | D:4      | Found a glowing drain.
  2295 | Sewer    | Entered a sewer
  2415 | Sewer    | HP: 11/37 [river rat (8)]
  2861 | Sewer    | Reached XP level 5. HP: 38/44 MP: 3/6
  3203 | Sewer    | HP: 10/44 [bullfrog (7)]
  3208 | Sewer    | Reached skill level 3 in Maces & Flails
  3209 | Sewer    | HP: 11/44 [adder (4)]
  3211 | Sewer    | Reached XP level 6. HP: 10/50 MP: 1/7
  3214 | Sewer    | HP: 10/50 [frilled lizard (2)]
  3657 | D:4      | Reached skill level 4 in Maces & Flails
  3704 | D:4      | Reached XP level 7. HP: 48/56 MP: 8/8
  3775 | D:4      | Identified the +1 ring mail "Nunujum" {Harm Rampage rF-
                  | Stlth+}
  4062 | D:4      | Reached skill level 1 in Armour
  4358 | D:4      | Reached skill level 5 in Maces & Flails
  4593 | D:4      | Identified the +2 dagger of the Vulture {elec, Str+4}
  5124 | D:5      | Entered Level 5 of the Dungeon
  5503 | D:5      | Reached skill level 6 in Maces & Flails
  5706 | D:5      | Noticed Edmund
  5717 | D:5      | Killed Edmund
  5718 | D:5      | Reached XP level 8. HP: 52/62 MP: 9/9
  6099 | D:5      | Reached skill level 7 in Maces & Flails
  6099 | D:5      | Reached skill level 5 in Armour
  6659 | D:5      | HP: 20/62 [something (3)]
  7398 | D:6      | Reached skill level 8 in Maces & Flails
  7465 | D:6      | Found a staircase to the Ecumenical Temple.
  7536 | Temple   | Entered the Ecumenical Temple
  7712 | Temple   | Became a worshipper of Ru the Awakened
  8249 | D:7      | Reached skill level 9 in Maces & Flails
  8249 | D:7      | Reached XP level 9. HP: 49/68 MP: 10/10
  8355 | D:7      | Found a sparkling altar of Nemelex Xobeh.
  8385 | D:7      | Found an opulent altar of Gozag.
  8972 | D:7      | Found a white marble altar of Elyvilon.
  8976 | D:7      | HP: 16/68 [electric eel/bolt of electricity (10)]
  8976 | D:7      | HP: 5/68 [electric eel/bolt of electricity (11)]
  9669 | D:8      | Gained mutation: You cannot study or cast Air magic. [Ru
                  | sacrifice]
  9669 | D:8      | Gained mutation: You cannot study or cast Transmutations
                  | magic. [Ru sacrifice]
  9669 | D:8      | Gained mutation: You cannot study or cast Conjurations
                  | magic. [Ru sacrifice]
  9669 | D:8      | Reached * piety under Ru
 10114 | D:8      | Reached skill level 10 in Maces & Flails
 10821 | D:9      | Noticed a two-headed ogre
 10821 | D:9      | Noticed a two-headed ogre
 10868 | D:9      | Noticed a troll
 10890 | D:8      | Killed a troll
 11078 | D:9      | Identified the +5 shortbow of the Hidden Vale {flame,
                  | rPois}
 11092 | D:9      | Reached skill level 11 in Maces & Flails
 11157 | D:9      | Reached skill level 5 in Fighting
 11406 | D:9      | Noticed a two-headed ogre
 11415 | D:9      | Killed a two-headed ogre
 11416 | D:9      | Reached XP level 10. HP: 50/83 MP: 11/11
 11596 | D:9      | Found an iron altar of Okawaru.
 11605 | D:9      | Found a hide-covered altar of Uskayaw.
 11746 | D:9      | Killed a two-headed ogre
 11747 | D:9      | Reached skill level 12 in Maces & Flails
 12117 | D:9      | Killed a two-headed ogre
 12385 | D:10     | Entered Level 10 of the Dungeon
 12413 | D:10     | Found a broken altar of Ashenzari.
 12473 | D:10     | Gained mutation: You cannot study or use magical devices.
                  | [Ru sacrifice]
 12473 | D:10     | Reached ** piety under Ru
 12473 | D:10     | Reached *** piety under Ru
 12715 | D:10     | Found Loonom's Assorted Antiques.
 12730 | D:10     | Bought an embroidered hat for 196 gold pieces
 12735 | D:10     | Bought a scroll labelled LUSOHI SOWNI for 28 gold pieces
 12736 | D:10     | Bought a scroll of blinking for 210 gold pieces
 12736 | D:10     | Found a staircase to the Orcish Mines.
 12991 | D:10     | Reached skill level 13 in Maces & Flails
 13230 | D:11     | Noticed a centaur warrior
 13246 | D:11     | Killed a centaur warrior
 13267 | D:11     | Noticed Snorg
 13477 | D:11     | Found a staircase to the Lair.
 13490 | D:11     | Noticed a red ugly thing
 13506 | D:11     | Killed a red ugly thing
 13507 | D:11     | Reached skill level 1 in Throwing
 13554 | D:11     | Reached XP level 11. HP: 51/97 MP: 12/12
 13643 | D:11     | Found Vuxkogh's Antique Armour Shoppe.
 13791 | D:11     | Noticed an ettin
 13798 | D:11     | HP: 20/96 [ettin/+0 dire flail (15)]
 13798 | D:11     | Demolished by an ettin

Illustrated notes

Levels and vault maps discovered:
D:1:      nicolae_arrival_kraken_aquarium_b, layout_basic, serial_shops,
          nicolae_shop_statue_plus
D:2:      layout_rooms, minmay_curled_crystal
D:3:      layout_loops_ring, serial_shops, nicolae_shop_stone
D:4:      layout_gridville, portal_sewer_entry_c, minmay_misc_feat_iff,
          palyth_stone_intersect
D:5:      layout_cave_pods, uniq_edmund
D:6:      layout_cave_pools
D:7:      layout_cave_pods, nicolae_elyvilon_temple_path,
          mainiacjoe_overflow_cross_hatched, amcnicky_altar_gilded,
          dk_noncrumbling_3
D:8:      layout_gridville, nicolae_underground_beach
D:9:      layout_gridville, mainiacjoe_overflow_swirl, special_room
          [special_room_orc]
D:10:     layout_irregular_city, mainiacjoe_overflow_chevrons, orc_0_dummy,
          serial_shops, nicolae_shop_competitors_out_of_business
D:11:     layout_long_grid, lair_entry_dummy, serial_shops,
          nicolae_shop_waterfront, gauntlet_entry_generic,
          kennysheep_just_a_vault, uniq_snorg
Temple:   regret_index_temple_sphere_string

Skill      XL: |  1  2  3  4  5  6  7  8  9 10 11 |
---------------+----------------------------------+-----
Fighting       | 2 6 9 |  9.1
Transmutations | 1 2 3 0 |  0.0
Maces & Flails | 1 2 3 4 6 9 11 13 | 13.7
Shields        | 2 3 4 |  4.2
Armour         | 4 7 9 |  9.2
Throwing       | 1 2 |  2.7
Dodging        | |  2.1
Stealth        | |  1.5
Spellcasting   | |  1.3
Necromancy     | |  2.9

Action                   |  1- 3 |  4- 6 |  7- 9 | 10-12 || total
-------------------------+-------+-------+-------+-------++-------
Melee: Dagger            |   100 |   212 |   383 |       ||   695
       Headbutt          |    16 |    32 |   120 |    44 ||   212
       Punch             |     4 |       |       |       ||     4
       Flail             |       |       |   195 |   168 ||   363
Throw: Javelin           |       |       |     7 |     5 ||    12
       Throwing net      |       |       |       |     1 ||     1
 Cast: Wereblood         |       |     8 |       |       ||     8
Invok: Sacrifice Arcana  |       |       |     1 |       ||     1
       Sacrifice Artific |       |       |       |     1 ||     1
       Draw Out Power    |       |       |       |     1 ||     1
Evoke: Wand              |       |       |       |     4 ||     4
  Use: Scroll            |       |     4 |     8 |     6 ||    18
       Potion            |       |     2 |       |       ||     2
 Stab: Sleeping          |     5 |     1 |       |       ||     6
       Invisible         |       |     2 |       |       ||     2
Armor: Robe              |    18 |    70 |       |       ||    88
       Chain mail        |       |    27 |   348 |   130 ||   505
Dodge: Dodged            |    65 |   157 |   174 |    56 ||   452
Block: Buckler           |       |    64 |   245 |    95 ||   404
       Reflection        |       |       |     2 |    13 ||    15
